 Dungeon Crawl Stone Soup version 0.27-a0-1177-g245c70e1c0 (webtiles) character file.

Game seed: 12726336622664218884

314 Gargoyl the Skirmisher (level 6, -4/53 HPs)
             Began as a Gnoll Abyssal Knight on May 16, 2021.
             Was a Follower of Lugonu.
             Slain by Sigmund
             ... wielding a +1 scythe of distortion
              (13 damage)
             ... on level 4 of the Dungeon.
             The game lasted 00:03:20 (2410 turns).

Gargoyl the Skirmisher (Gnoll Abyssal Knight)       Turns: 2410, Time: 00:03:20

Health: -4/53      AC: 12    Str: 13    XL:     6   Next: 43%
Magic:  9/9        EV:  6    Int: 12    God:    Lugonu [*.....]
Gold:   89         SH:  0    Dex: 11    Spells: 9/9 levels left

rFire    + . .     SeeInvis .   l - +4 quarterstaff (chaos)
rCold    . . .     Faith    .   (shield currently unavailable)
rNeg     . . .     Spirit   .   k - +0 chain mail
rPois    .         Reflect  .   (no helmet)
rElec    .         Harm     .   m - +0 cloak
rCorr    .         Rampage  .   s - +0 pair of gloves
Will     +....                  (no boots)
Stlth    ..........             (no amulet)
HPRegen  0.17/turn              h - ring of willpower
MPRegen  0.11/turn              p - ring of protection from fire

@: no status effects
A: fangs 1, strong nose, distributed training
a: Renounce Religion, Depart the Abyss


You were on level 4 of the Dungeon.
You worshipped Lugonu.
Lugonu was aware of your devotion.
You visited 1 branch of the dungeon, and saw 4 of its levels.
You visited the Abyss 1 time.

You collected 89 gold pieces.

Inventory:

Hand Weapons
 a - a +1 hand axe
 l - a +4 quarterstaff of chaos (weapon)
Armour
 k - a +0 chain mail (worn)
 m - a +0 cloak (worn)
 s - a +0 pair of gloves (worn)
Jewellery
 h - a ring of willpower (left hand)
 n - a ring of see invisible
 p - a ring of protection from fire (right hand)
Wands
 c - a wand of iceblast (7)
Scrolls
 g - a scroll of enchant weapon {unknown}
 i - a scroll of identify
 q - a scroll of fog
Potions
 b - a potion of flight
 d - 2 potions of might
 e - a potion of haste {unknown}
 f - 2 potions of curing {unknown}
 j - a potion of brilliance {unknown}
 o - 2 potions of berserk rage {unknown}
 r - a potion of ambrosia {unknown}


   Skills:
 + Level 6.8 Fighting
 + Level 2.0 Short Blades
 + Level 2.0 Long Blades
 + Level 5.0 Axes
 + Level 2.0 Maces & Flails
 + Level 2.0 Polearms
 + Level 2.0 Staves
 + Level 2.0 Slings
 + Level 2.0 Bows
 + Level 2.0 Crossbows
 + Level 2.0 Throwing
 + Level 5.0 Armour
 + Level 3.2 Dodging
 + Level 2.0 Stealth
 + Level 2.0 Shields
 + Level 2.0 Unarmed Combat
 + Level 2.0 Spellcasting
 + Level 1.5 Conjurations
 + Level 1.5 Hexes
 + Level 1.5 Summonings
 + Level 1.5 Necromancy
 + Level 1.5 Translocations
 + Level 1.5 Transmutations
 + Level 1.5 Fire Magic
 + Level 1.5 Ice Magic
 + Level 1.5 Air Magic
 + Level 1.5 Earth Magic
 + Level 1.5 Poison Magic
 + Level 5.1 Invocations
 + Level 2.0 Evocations


You had 9 spell levels left.
You didn't know any spells.
Your spell library was empty.

Dungeon Overview and Level Annotations

Branches:
Dungeon (4/15)
 Temple: D:4-7

Altars:
Elyvilon
Fedhas
Qazlal
Xom

Annotations:
D:4 Sigmund


Innate Abilities, Weirdness & Mutations

You have very sharp teeth.
Your uncanny sense of smell can sniff out nearby items.
Your experience applies equally to all skills.


Message History

Sigmund the Dreaded comes into view.
He is wielding a +1 scythe of distortion.
Sigmund shouts!
A hound skeleton comes into view.
An orc comes into view. It is wielding a +0 hand axe.
The orc shouts!
You hear a shout! x2
Sigmund hits you with a +1 scythe of distortion!
Space bends around you!
You barely miss Sigmund. Your bite misses Sigmund. Sigmund closely misses you.
Sigmund barely misses you.
Unknown command.
Your chain mail prevents you from hitting Sigmund.
You bite Sigmund, but do no damage. The hound skeleton barely misses you.
Sigmund hits you but does no damage. Space bends around you.
The hound skeleton bites you but does no damage.
Unknown command.
You hit Sigmund.
Sigmund is lightly wounded.
The hound skeleton bites you.
Sigmund hits you with a +1 scythe of distortion!
Unknown command.
You hit Sigmund. You bite Sigmund, but do no damage.
Sigmund is moderately wounded.
The hound skeleton closely misses you. Sigmund barely misses you.
The hound skeleton bites you but does no damage.
Unknown command.
You hit Sigmund.
Sigmund is poisoned.
Sigmund is moderately wounded.
Sigmund hits you with a +1 scythe of distortion.
Space bends around you.
* * * LOW HITPOINT WARNING * * *
Unknown command.
Your chain mail prevents you from hitting Sigmund.
Your bite misses Sigmund.
Sigmund is moderately wounded.
Sigmund barely misses you. The orc hits you with a +0 hand axe.
* * * LOW HITPOINT WARNING * * *
Sigmund hits you with a +1 scythe of distortion.
* * * LOW HITPOINT WARNING * * *
Space warps horribly around you!
You die...

##......#....... .#.....
........#.##.... .......
#.....†...##.... #.#...
#....#....##.... .....
.....#........#.
.###...###.........##.#.
................#.......
......o.................
.....Z@@........#......#
................#...##..
.....#####..#...#...##..
.... #..#...#...##..
.....#####..#.#.....###.
..................#.###.
# ########..............
######.#.......
#.#.......


You could see Sigmund (very poisoned), an orc and a hound skeleton.

Vanquished Creatures
  An ancient zyme (Abyss:2)
  Crazy Yiuf (D:2)
  An adder (D:4)
  3 worms
  An orc (D:3)
  4 ball pythons
  3 endoplasms
  A giant cockroach (D:3)
  2 goblins
  A hobgoblin (D:3)
  7 jackals (D:1)
  A quokka (D:1)
  4 bats
  A frilled lizard (D:2)
  6 kobolds
  6 rats
43 creatures vanquished.

Vanquished Creatures (others)
  A plant (D:2)
1 creature vanquished.

Grand Total: 44 creatures vanquished

Notes
Turn   | Place    | Note
-------+----------+-------------------------------------------
     0 | Abyss:1  | Gargoyl the Gnoll Abyssal Knight began the quest for the
                  | Orb.
     0 | Abyss:1  | Reached XP level 1. HP: 23/23 MP: 3/3
    20 | Abyss:2  | Noticed an ancient zyme
    27 | Abyss:2  | Killed an ancient zyme
    28 | Abyss:2  | Reached skill level 1 in Short Blades
    28 | Abyss:2  | Reached skill level 1 in Long Blades
    28 | Abyss:2  | Reached skill level 1 in Maces & Flails
    28 | Abyss:2  | Reached skill level 1 in Polearms
    28 | Abyss:2  | Reached skill level 1 in Staves
    28 | Abyss:2  | Reached skill level 1 in Slings
    28 | Abyss:2  | Reached skill level 1 in Bows
    28 | Abyss:2  | Reached skill level 1 in Crossbows
    28 | Abyss:2  | Reached skill level 1 in Throwing
    28 | Abyss:2  | Reached skill level 1 in Stealth
    28 | Abyss:2  | Reached skill level 1 in Shields
    28 | Abyss:2  | Reached skill level 1 in Unarmed Combat
    28 | Abyss:2  | Reached skill level 1 in Spellcasting
    28 | Abyss:2  | Reached skill level 1 in Conjurations
    28 | Abyss:2  | Reached skill level 1 in Hexes
    28 | Abyss:2  | Reached skill level 1 in Summonings
    28 | Abyss:2  | Reached skill level 1 in Necromancy
    28 | Abyss:2  | Reached skill level 1 in Translocations
    28 | Abyss:2  | Reached skill level 1 in Transmutations
    28 | Abyss:2  | Reached skill level 1 in Fire Magic
    28 | Abyss:2  | Reached skill level 1 in Ice Magic
    28 | Abyss:2  | Reached skill level 1 in Air Magic
    28 | Abyss:2  | Reached skill level 1 in Earth Magic
    28 | Abyss:2  | Reached skill level 1 in Poison Magic
    28 | Abyss:2  | Reached skill level 5 in Invocations
    28 | Abyss:2  | Reached skill level 1 in Evocations
    28 | Abyss:2  | Reached XP level 2. HP: 19/29 MP: 3/5
    28 | Abyss:2  | Reached XP level 3. HP: 23/35 MP: 3/6
    28 | Abyss:2  | Reached XP level 4. HP: 27/41 MP: 3/7
    28 | Abyss:2  | Reached XP level 5. HP: 31/47 MP: 3/8
    28 | Abyss:2  | Reached XP level 6. HP: 35/53 MP: 3/9
    46 | Abyss:3  | Noticed a spatial maelstrom
    53 | D:1      | Escaped the Abyss
   408 | D:1      | Reached * piety under Lugonu
   579 | D:1      | Found a faded altar of an unknown god.
  1221 | D:2      | Found a runed translucent door.
  1222 | D:2      | Noticed Crazy Yiuf
  1234 | D:2      | Killed Crazy Yiuf
  1235 | D:2      | Reached skill level 5 in Axes
  1235 | D:2      | Reached skill level 5 in Armour
  1884 | D:3      | Found a white marble altar of Elyvilon.
  1897 | D:3      | Found a stormy altar of Qazlal.
  1900 | D:3      | Found a blossoming altar of Fedhas.
  1903 | D:3      | Found a shimmering altar of Xom.
  2401 | D:4      | Noticed Sigmund
  2410 | D:4      | Slain by Sigmund

Illustrated notes

Levels and vault maps discovered:
D:1:      dpeg_arrival_orchard, layout_rooms,
          shapermc_ecumenical_altar_starsandcircs,
          minmay_misc_feat_secret_circle, minmay_misc_feat_rugged,
          minmay_tree_intersection
D:2:      layout_rooms, serial_bayou_pond_c, uniq_crazy_yiuf_cottage
D:3:      layout_rooms, grunt_temple_overflow_cloverleaf
D:4:      layout_basic, gup_sewer_entry_bowl, uniq_sigmund, uniq_eustachio

Skill      XL: |  1  2  3  4  5  6 |
---------------+-------------------+-----
Short Blades   | 1 2 |  2.0
Long Blades    | 1 2 |  2.0
Maces & Flails | 1 2 |  2.0
Polearms       | 1 2 |  2.0
Staves         | 1 2 |  2.0
Slings         | 1 2 |  2.0
Bows           | 1 2 |  2.0
Crossbows      | 1 2 |  2.0
Throwing       | 1 2 |  2.0
Dodging        | 3 |  3.2
Stealth        | 1 2 |  2.0
Shields        | 1 2 |  2.0
Unarmed Combat | 1 2 |  2.0
Spellcasting   | 1 2 |  2.0
Conjurations   | 1 |  1.5
Hexes          | 1 |  1.5
Summonings     | 1 |  1.5
Necromancy     | 1 |  1.5
Translocations | 1 |  1.5
Transmutations | 1 |  1.5
Fire Magic     | 1 |  1.5
Ice Magic      | 1 |  1.5
Air Magic      | 1 |  1.5
Earth Magic    | 1 |  1.5
Poison Magic   | 1 |  1.5
Invocations    | 5 |  5.1
Evocations     | 1 2 |  2.0
Axes           | 5 |  5.0
Armour         | 5 |  5.0
Fighting       | |  6.8

Action                   |  1- 3 |  4- 6 || total
-------------------------+-------+-------++-------
Melee: Hand axe          |       |    84 ||    84
       Quarterstaff      |       |    28 ||    28
       Bite              |       |    16 ||    16
       Punch             |       |     2 ||     2
Invok: Depart the Abyss  |       |     1 ||     1
Evoke: Wand              |     5 |       ||     5
  Use: Scroll            |       |     5 ||     5
       Potion            |       |     1 ||     1
 Stab: Invisible         |       |     1 ||     1
Armor: Ring mail         |       |    49 ||    49
       Chain mail        |       |    18 ||    18
Dodge: Dodged            |     1 |    80 ||    81

Table legend: (Time is in decaauts)
 A = Elapsed time spent in this place.
 B = Non-inter-level travel time spent in this place.
 C = Inter-level travel time spent in this place.
 D = Time resting spent in this place.
 E = Time spent auto-exploring this place.
 F = Levels seen in this place.
 G = Mean time per level.
                   A        B        C        D        E       F      G
               +--------+--------+--------+--------+--------+-----+--------+
         Total |   2422 |   2353 |     69 |      0 |   1943 |   7 |  346.0 |
       Dungeon |   2370 |   2301 |     69 |      0 |   1937 |   4 |  592.5 |
         Abyss |     52 |     52 |      0 |      0 |      6 |   3 |   17.3 |
               +--------+--------+--------+--------+--------+-----+--------+

Top non-repeatable levels by time:
     D:2: 777 daAuts
     D:1: 749 daAuts
     D:3: 593 daAuts
     D:4: 249 daAuts
 Abyss:2: 32 daAuts
 Abyss:3: 13 daAuts
 Abyss:1: 6 daAuts
